 Dungeon Sprint DCSS version 0.28.0-53-g5a82cb258f (webtiles) character file.

Game seed: 13323141254406431786

2400000 Zeld the Acrobat (level 18, -34/165 HPs)
             Began as a Djinni Monk on June 5, 2022.
             Was a High Priest of Makhleb.
             Annihilated by a destroyer
             ... wielding a +9 vorpal great sword
              (199 damage)
             ... in the Dungeon (Sprint VIII: "Arena of Blood").
             The game lasted 00:00:19 (24 turns).

Zeld the Acrobat (Djinni Monk)                        Turns: 24, Time: 00:00:20

Health: -34/165    AC:  2    Str: 16    XL:     18   Next: 15%
Gold:   0          EV: 28    Int: 14    God:    Makhleb [*****.] SH:  0 Dex: 16

rFire   + + .      SeeInvis .   g - +∞ Axe of Woe
rCold   x . .      Faith    .   (shield currently unavailable)
rNeg    . . .      Spirit   .   a - +0 robe
rPois   ∞          Reflect  .   (no helmet)
rElec   .          Harm     .   (no cloak)
rCorr   .          Rampage  .   (no gloves)
Will    +....      NoTele   +   (boots unavailable)
Stlth   ++........              (no amulet)
HPRegen 0.37/turn               (no ring)
MPRegen 0.00/turn               (no ring)

@: flying
A: sickness immunity, fire resistance 2, cold vulnerability 1, float, innate
caster, HP casting, extra vitality 1
a: Renounce Religion, Minor Destruction, Lesser Servant of Makhleb, Major
Destruction, Greater Servant of Makhleb


You were in the Dungeon.
You worshipped Makhleb.
Makhleb was extremely pleased with you.
You visited 1 branch

Inventory:

Hand Weapons
 g - the +∞ Axe of Woe (weapon)
   (You found it in the Dungeon)
Armour
 a - a +0 robe (worn)
Scrolls
 f - a scroll of blinking
Potions
 b - a potion of curing
 c - a potion of heal wounds
 d - a potion of haste
 e - a potion of berserk rage


   Skills:
 + Level 25.9 Fighting
 * Level 22.5 Axes
 + Level 26.6 Dodging
 - Level 1.5 Stealth
 - Level 3.0 Unarmed Combat
 * Level 18.4 Spellcasting
 * Level 23.1 Invocations


You had 21 spell levels left.
You knew the following spells:

 Your Spells              Type           Power      Damage    Failure   Level
a - Magic Dart            Conj           100%       1d8       0%          1
b - Static Discharge      Conj/Air       59%        N/A       0%          2
c - Ozocubu's Armour      Ice            59%        N/A       0%          3
d - Passage of Golubria   Tloc           59%        N/A       1%          4
e - Freezing Cloud        Conj/Ice/Air   29%        6-21      1%          5
f - Blade Hands           Tmut           29%        N/A       1%          5
g - Statue Form           Tmut/Erth      39%        N/A       1%          6
h - Eringya's Noxious Bo  Tmut/Pois      29%        N/A       1%          6
Your spell library was empty.

Dungeon Overview and Level Annotations

Branches:
Dungeon (1/1)

Altars:
Makhleb


Innate Abilities, Weirdness & Mutations

You are immune to sickness and miasma.
You are immune to poison.
Your flesh is very heat resistant. (rF++)
You are vulnerable to cold. (rC-)
You float through the air rather than walking.
You learn spells naturally, not from books.
Your magical power is your life essence.
You have superior vitality. (+4 MHP)


Message History

The bag of meat hits you with a +9 war axe!!
You hear a shout!
Unknown command.
You slice the bag of meat!!
You butcher the bag of meat messily.
You kill the bag of meat!
Makhleb accepts your kill.
The destroyer appears out of thin air!
A destroyer comes into view. It is wielding a +9 vorpal great sword.
You hear a shout! x5
Your Fighting skill increases to level 25!
Your Invocations skill increases to level 22!
A bag of meat comes into view. It is wielding a +9 war axe.
You hear a shout! x9
The destroyer casts a spell at you.
The destroyer blinks!
The bag of meat moves out of view.
You hear a shout!
Unknown command.
You slice the meat berserker!!
You chop the meat berserker into pieces.
You kill the meat berserker!
Makhleb accepts your kill.
You feel better.
You hear a shout! x9
Your Axes skill gained 2 levels and is now at level 22!
Your Dodging skill increases to level 26!
Your Spellcasting skill increases to level 18!
You hit the bag of meat.
You pulverise the bag of meat into a thin bloody mist.
You kill the bag of meat!
Makhleb accepts your kill.
You hear a shout! x4
A meat berserker comes into view. It is wielding a +9 battleaxe.
You hear a shout! x4
Your Invocations skill increases to level 23!
You have reached level 18!
A meat berserker comes into view. It is wielding a +9 battleaxe.
You hear a shout! x4
The destroyer hits you with a +9 vorpal great sword!!!!!
Ouch! That really hurt!
You die...

.... .. ... ..
#.. .# . #.. ..#
..###.. ..###.
.......###......
.......)_.......
....#).)).#....
. #_.@)_# .
#)))V.#
....._......
......###....O.
..###.o ..###. .
#.. ..# #.. ..#
... ..


You could see a destroyer, a meat berserker (berserk) and a bag of meat.

Vanquished Creatures
  5 ogres (D)
  12 orcs (D)
17 creatures vanquished.

Notes
Turn   | Place    | Note
-------+----------+-------------------------------------------
     0 | D        | Found the +∞ Axe of Woe
     0 | D        | Zeld the Djinni Monk began the quest for the Orb.
     0 | D        | Reached XP level 1. HP: 20/20 MP: 0/0
     2 | D        | Noticed a bag of meat
     4 | D        | Became a worshipper of Makhleb the Destroyer
     4 | D        | Reached * piety under Makhleb
     4 | D        | Reached ** piety under Makhleb
     5 | D        | Noticed a bag of meat
     5 | D        | Noticed a meat berserker
     5 | D        | Noticed a bag of meat
     5 | D        | Noticed a bag of meat
     5 | D        | Noticed a bag of meat
     6 | D        | Noticed a bag of meat
     7 | D        | Noticed a bag of meat
     7 | D        | Noticed a bag of meat
    10 | D        | Killed a bag of meat
    10 | D        | Killed a meat berserker
    10 | D        | Killed a bag of meat
    10 | D        | Noticed a meat berserker
    10 | D        | Noticed a meat berserker
    11 | D        | Reached skill level 18 in Dodging
    11 | D        | Reached skill level 15 in Invocations
    11 | D        | Reached XP level 2. HP: 29/47 MP: 0/0
    11 | D        | Reached XP level 3. HP: 32/52 MP: 0/0
    11 | D        | Learned a level 1 spell: Magic Dart
    11 | D        | Reached XP level 4. HP: 37/59 MP: 0/0
    11 | D        | Reached XP level 5. HP: 41/65 MP: 0/0
    11 | D        | Learned a level 2 spell: Static Discharge
    11 | D        | Reached XP level 6. HP: 44/71 MP: 0/0
    11 | D        | Reached XP level 7. HP: 48/76 MP: 0/0
    11 | D        | Learned a level 3 spell: Ozocubu's Armour
    11 | D        | Reached XP level 8. HP: 53/84 MP: 0/0
    11 | D        | Reached XP level 9. HP: 56/89 MP: 0/0
    11 | D        | Learned a level 4 spell: Passage of Golubria
    11 | D        | Reached XP level 10. HP: 60/95 MP: 0/0
    11 | D        | Reached XP level 11. HP: 63/101 MP: 0/0
    11 | D        | Learned a level 5 spell: Freezing Cloud
    11 | D        | Reached XP level 12. HP: 68/108 MP: 0/0
    11 | D        | Reached XP level 13. HP: 71/113 MP: 0/0
    11 | D        | Learned a level 5 spell: Blade Hands
    11 | D        | Killed a bag of meat
    11 | D        | Reached *** piety under Makhleb
    11 | D        | Killed a bag of meat
    11 | D        | Killed a meat berserker
    11 | D        | Noticed a bag of meat
    11 | D        | Noticed a bag of meat
    12 | D        | Reached skill level 21 in Dodging
    12 | D        | Reached XP level 14. HP: 102/126 MP: 0/0
    12 | D        | Reached XP level 15. HP: 106/131 MP: 0/0
    12 | D        | Learned a level 6 spell: Statue Form
    12 | D        | Reached **** piety under Makhleb
    13 | D        | Reached skill level 22 in Dodging
    13 | D        | Reached skill level 15 in Spellcasting
    13 | D        | Noticed a meat berserker
    14 | D        | Reached skill level 23 in Dodging
    14 | D        | Reached XP level 16. HP: 127/143 MP: 0/0
    14 | D        | Killed a meat berserker
    14 | D        | Reached ***** piety under Makhleb
    15 | D        | Reached skill level 24 in Dodging
    17 | D        | Killed a meat berserker
    17 | D        | Noticed a meat berserker
    18 | D        | Reached skill level 25 in Dodging
    18 | D        | Reached XP level 17. HP: 154/154 MP: 0/0
    18 | D        | Learned a level 6 spell: Eringya's Noxious Bog
    21 | D        | Noticed a destroyer
    22 | D        | Killed a meat berserker
    23 | D        | Reached skill level 26 in Dodging
    23 | D        | Noticed a meat berserker
    24 | D        | Reached XP level 18. HP: 165/165 MP: 0/0
    24 | D        | Noticed a meat berserker
    24 | D        | Annihilated by a destroyer

Illustrated notes

Levels and vault maps discovered:
D:        meatsprint

Skill      XL: |  1  2  3  4  5  6  7  8  9 10 11 12 13 14 15 16 17 |
---------------+----------------------------------------------------+-----
Fighting       | 17 20 22 24 25 | 25.9
Axes           | 12 14 16 19 22 | 22.5
Dodging        | 18 21 23 25 26 | 26.6
Spellcasting   | 11 14 15 17 18 | 18.4
Invocations    | 15 17 19 21 23 | 23.1
Stealth        | |  1.5
Unarmed Combat | |  3.0

Action                   |  1- 3 |  4- 6 |  7- 9 | 10-12 | 13-15 | 16-18 || total
-------------------------+-------+-------+-------+-------+-------+-------++-------
Melee: Executioner's axe |     1 |       |       |       |     3 |     7 ||    11
